AoeStats
← 竞技场场王

Arena

509565827Analyzed
4v4 RM · 7d ago on Sep 27, 2026· 32m 59s· 8 players
Game mode
Random Map
Map size
Large (8 player)
Population
200
Speed
Normal
Resources
Standard
Victory
Conquest
Starting age
Dark Age
Ending age
Imperial Age
RankedLock teamsTeams togetherTeam positionsShared explorationLock speedFull tech treeHidden civsTurbo modeCheats
Victory
Defeat
🇦🇷 Franks · Argentina
1269
+16
🇨🇳 Varangians · China
1249
+17
🇨🇳 Danes · China
1238
+17
🇷🇴 Malians · Romania
1219
+18
🇨🇳 Turks · China
1282
-18
🇯🇵 Burgundians · Japan
1270
-17
🇹🇼 Goths · Taiwan
1264
-17
🇹🇼 Magyars · Taiwan
1238
-16
168kcal
4:35 Double-Bit Axe
11:16 Feudal Age
10:20 Horse Collar
11:20 Wheelbarrow
15:58 Castle Age
14:29 Bow Saw
14:20 Heavy Plow
15:11 Gold Mining
15:11 Stone Mining
18:21 Gold Shaft Mining
18:52 Loom
20:02 Loom
23:21 Two-Man Saw
24:28 Crop Rotation
25:26 Fortified Wall
27:19 Scale Barding Armor
27:25 Forging
26:48 Cavalier
28:45 Chain Barding Armor
30:16 Iron Casting
30:46 Husbandry
33:51 Imperial Age
32:12 Stone Shaft Mining
33:04 Hand Cart
32:35 Town Watch
BC
10:06 Feudal Age
14:55 Castle Age
13:05 Double-Bit Axe
13:05 Horse Collar
13:58 Loom
15:56 Wheelbarrow
20:13 Bow Saw
30:04 Imperial Age
27:31 Gold Mining
28:16 Forging
28:07 Scale Mail Armor
28:51 Hand Cart
28:08 Pikeman
30:08 Squires
30:49 Iron Casting
30:27 Heavy Plow
30:26 Halberdier
31:31 Conscription
32:18 Chain Mail Armor
31:56 Man-at-Arms
32:55 Perfusion
精锐磁暴步兵
10:11 Feudal Age
14:51 Castle Age
12:57 Double-Bit Axe
13:19 Horse Collar
17:56 Gold Mining
18:23 Loom
21:51 Imperial Age
20:39 Padded Archer Armor
21:40 Leather Archer Armor
23:57 Ring Archer Armor
27:31 Scale Barding Armor
28:43 Chain Barding Armor
32:23 Bow Saw
韓國魚
6:11 Loom
12:46 Feudal Age
14:09 Double-Bit Axe
14:07 Horse Collar
16:43 Castle Age
18:43 Bow Saw
22:33 Heavy Plow
29:50 Imperial Age
27:39 Gold Mining
27:48 Stone Mining
28:51 Wheelbarrow
28:38 Fletching
28:48 Padded Archer Armor
29:51 Bodkin Arrow
30:24 Ballistics
MCMLXX
10:02 Feudal Age
10:44 Double-Bit Axe
10:41 Horse Collar
15:28 Castle Age
14:36 Gold Mining
15:27 Loom
18:56 Stone Mining
21:25 Wheelbarrow
24:15 Scale Mail Armor
25:54 Chain Mail Armor
27:00 Forging
竞技场场王
9:20 Feudal Age
12:56 Castle Age
11:00 Double-Bit Axe
11:22 Horse Collar
20:05 Bow Saw
21:20 Wheelbarrow
21:40 Gold Mining
23:03 Hand Cart
22:59 Stone Mining
23:35 Heavy Plow
27:45 Imperial Age
26:32 Stone Shaft Mining
25:42 Loom
25:44 Town Watch
26:05 Scale Barding Armor
26:51 Forging
27:03 Vendel Legacy
28:08 Chain Barding Armor
28:02 Husbandry
28:12 Bloodlines
27:48 Cavalier
28:52 Conscription
28:59 Conscription
30:08 Iron Casting
29:47 Capped Ram
MatRm10
9:19 Feudal Age
13:52 Castle Age
12:42 Double-Bit Axe
12:50 Stone Mining
19:32 Gold Mining
28:26 Imperial Age
26:22 Loom
27:18 Wheelbarrow
27:22 Gold Shaft Mining
26:54 Fletching
27:25 Scale Barding Armor
28:22 Forging
29:04 Chain Barding Armor
30:02 Husbandry
31:04 Plate Barding Armor
30:24 Cavalier
33:19 Iron Casting
33:37 Coinage
不太爽
10:38 Feudal Age
14:27 Castle Age
12:40 Loom
13:05 Double-Bit Axe
13:03 Horse Collar
15:39 Fletching
15:55 Gold Mining
21:37 Bow Saw
23:30 Wheelbarrow
27:08 Imperial Age
24:59 Stone Mining
25:42 Bodkin Arrow
25:50 Padded Archer Armor
25:54 Scale Mail Armor
27:20 Capped Ram
27:30 Capped Ram
28:44 Conscription
28:48 Bracer
29:51 Chain Mail Armor
29:47 Forging
33:25 Iron Casting
Connection lost

Rejoining the realm…

Still unreachable

The connection could not be restored.

Session expired

The server has moved on; the page needs a fresh start.